Map: Colonia rurale

Players

WolloF

  • Race: Terran Terran
  • Spawn Location: 5:00

WeedZ

  • Race: Zerg Zerg
  • Spawn Location: 5:00

Axonyx

  • Race: Terran Terran
  • Spawn Location: 5:00

Mørtebianca - Winner!

  • Race: Zerg Zerg
  • League: Diamond
  • Spawn Location: 11:00

LaWeedaLoca - Winner!

  • Race: Zerg Zerg
  • League: Master
  • Spawn Location: 11:00

Jhyrachy - Winner!

  • Race: Zerg Zerg
  • League: Silver
  • Spawn Location: 9:00

VOD

Have the link to the VOD?

Description

Time

  • Played on: Dec. 17, 2015, 7:17 p.m.
  • Length: 4:22
Show
View Real Time Build Order
Export as new Build Order

WolloF Terran 

Build Orders:  

Get SALT Encoding   

  12  0:12  SCV  
  13  0:24  SCV  
  14  0:36  SCV  
  14  0:40  Supply Depot  
  15  1:11  Barracks  
  15  1:15  Barracks x2  
  15  1:18  SCV  
  16  1:30  SCV  
  17  1:42  SCV  
  17  1:46  Refinery  
  18  1:54  SCV  
  18  1:55  Supply Depot  
  19  2:02  Marine  
  19  2:03  Marine  
  19  2:04  Marine  
  22  2:15  Orbital Command  
  22  2:21  Supply Depot  
  22  2:29  Marine x2  
  24  2:31  Barracks Tech Lab  
  24  2:47  Marine x2  
  26  3:01  Combat Shields  
  26  3:06  Marine x2  
  28  3:24  Marine x2  
  30  3:35  Bunker  
  23  3:52  Barracks Reactor x2  
  23  3:54  Marine  
Show
View Real Time Build Order
Export as new Build Order

WeedZ Zerg 

Build Orders: Pool Only 

Get SALT Encoding   

  12  0:51  Drone  
  12  0:52  Drone  
  12  0:56  Overlord  
  14  1:21  Drone  
  14  1:23  Drone  
  16  3:00  Drone x2  
  16  3:01  Drone  
  18  4:06  Spawning Pool  
Show
View Real Time Build Order
Export as new Build Order

Axonyx Terran 

Build Orders:  

Get SALT Encoding   

  12  0:02  SCV  
  13  0:14  SCV  
  14  0:16  Supply Depot  
  14  0:23  Refinery  
  14  0:26  SCV  
  15  0:38  SCV  
  15  0:39  Barracks  
  16  0:45  Barracks  
  16  0:50  SCV  
  17  1:02  SCV  
  18  1:10  Barracks  
  18  1:14  SCV  
  19  1:23  Refinery  
  19  1:26  SCV  
  19  1:27  Barracks Reactor  
  20  1:39  Barracks Reactor, SCV, Supply Depot  
  21  1:51  SCV  
  22  2:02  Barracks Tech Lab  
  22  2:03  SCV  
  23  2:13  Command Center  
  23  2:15  SCV  
  24  2:17  Marine x2  
  24  2:18  Marine x2  
  24  2:21  Marauder  
  30  2:27  SCV  
  31  2:41  Supply Depot  
  31  2:48  Supply Depot  
  31  2:51  Orbital Command  
  31  2:59  Engineering Bay  
  31  3:02  Marine x4  
  31  3:03  Marauder  
  37  3:24  Marine x2  
  37  3:25  Marine x2  
  37  3:26  Marauder  
  31  3:42  Marine x3  
  31  3:43  Marine  
  31  4:00  Marine x2  
  31  4:01  Marine  
Show
View Real Time Build Order
Export as new Build Order

Mørtebianca Zerg - Winner!

Build Orders: Pool First 

Get SALT Encoding   

  12  0:02  Drone  
  13  0:09  Drone  
  14  0:30  Extractor  
  14  0:33  Spawning Pool, Drone  
  13  0:36  Drone  
  14  0:58  Overlord  
  14  1:18  Hatchery  
  13  1:21  Drone  
  13  1:22  Drone  
  15  1:33  Metabolic Boost  
  17  1:49  Queen  
  17  1:52  Drone  
  18  1:56  Drone  
  19  2:05  Overlord  
  19  2:21  Zergling x2  
  20  2:26  Baneling Nest  
  20  2:27  Queen  
  21  2:32  Zergling x2  
  21  2:37  Zergling x2  
  23  2:40  Zergling x2  
  25  2:44  Zergling x2  
  25  2:48  Zergling x2  
  26  2:52  Zergling x2  
  27  2:59  Zergling x4  
  29  3:09  Zergling x2  
  29  3:10  Zergling x2  
  29  3:11  Zergling x2  
  31  3:24  Zergling x6  
  34  3:30  Zergling x4  
  34  3:36  Zergling x2  
  34  3:37  Zergling x2  
  32  3:49  Zergling x4  
  32  3:50  Zergling x2  
  33  3:59  Zergling x4  
  35  4:03  Zergling x2  
Show
View Real Time Build Order
Export as new Build Order

LaWeedaLoca Zerg - Winner!

Build Orders: Hatch First 

Get SALT Encoding   

  12  0:01  Drone  
  13  0:09  Drone  
  14  0:16  Overlord  
  14  0:25  Extractor  
  14  0:26  Drone  
  15  0:34  Drone  
  15  0:35  Drone  
  17  0:44  Drone  
  18  1:00  Hatchery  
  17  1:11  Spawning Pool  
  16  1:13  Extractor  
  16  1:14  Drone  
  16  1:18  Drone  
  17  1:22  Drone  
  18  1:27  Drone  
  19  1:58  Queen  
  21  2:08  Hatchery, Drone  
  21  2:09  Drone  
  21  2:12  Queen  
  24  2:19  Overlord  
  24  2:28  Extractor  
  23  2:31  Drone x2  
  23  2:32  Drone  
  26  2:41  Drone x2  
  28  2:45  Metabolic Boost  
  28  2:53  Overlord  
  28  3:00  Overlord  
  28  3:07  Lair  
  28  3:11  Extractor  
  28  3:12  Extractor  
  26  3:19  Drone x3  
  29  3:29  Drone x2  
  29  3:30  Drone  
  29  3:32  Drone  
  33  3:36  Drone  
  34  3:45  Drone x2  
  36  3:51  Drone x2  
  36  3:52  Drone  
  39  3:56  Drone  
  39  3:58  Drone  
  39  4:01  Drone  
  42  4:13  Spire  
Show
View Real Time Build Order
Export as new Build Order

Jhyrachy Zerg - Winner!

Build Orders: Hatch First 

Get SALT Encoding   

  12  0:02  Drone  
  13  0:08  Drone  
  14  0:18  Overlord  
  14  0:36  Drone  
  14  0:37  Drone  
  16  0:45  Drone  
  17  0:53  Drone  
  18  1:01  Hatchery, Drone  
  18  1:07  Extractor  
  18  1:10  Drone  
  18  1:22  Spawning Pool  
  18  1:24  Drone  
  18  1:33  Drone  
  19  1:43  Drone  
  20  2:09  Metabolic Boost  
  20  2:12  Queen  
  20  2:13  Queen  
  24  2:29  Baneling Nest  
  23  2:37  Zergling x2  
  23  2:38  Zergling x8  
  23  2:39  Overlord  
  28  3:01  Zergling x2  
  28  3:02  Zergling x6  
  31  3:38  Zergling x2  
  31  3:39  Zergling x8  
  35  3:41  Overlord x3  
  32  4:05  Zergling x6  
Tags
 
Add a new tag
Caveats
  • Supply blocks, unpowered buildings, or Contaminate may cause inaccurate times.
  • Supply counts are checked every 10 seconds.